 Dungeon Crawl Stone Soup version 0.18.1-6-gd335043 (webtiles) character file.

106890 epen the Cruncher (level 16, -12/97 HPs)
             Began as a Tengu Monk on May 18, 2016.
             Was the Champion of Qazlal.
             Mangled by a thorn hunter (15 damage)
             ... on level 3 of the Swamp.
             The game lasted 01:08:52 (31533 turns).

epen the Cruncher (Tengu Monk)                     Turns: 31533, Time: 01:08:52

Health: -12/97     AC: 24    Str: 16    XL:     16   Next: 45%
Magic:  33/33      EV: 17    Int: 12    God:    Qazlal [******]
Gold:   270        SH:  8    Dex: 24    Spells: 2 memorised, 16 levels left

rFire  + . .     SeeInvis .     k - +8 quarterstaff of Naus {drain, Dex+4}
rCold  . . .     Gourm    .     T - +7 swamp dragon armour of Beogh's Castigation {rPois MP+9 Dex+5}
rNeg   . . .     Faith    .     (shield currently unavailable)
rPois  +         Spirit   .     (helmet restricted)
rElec  .         Dismiss  .     p - +1 cloak
rCorr  .         Reflect  .     e - +0 pair of gloves {archery}
SustAt .         Harm     .     (boots unavailable)
MR     +....                    Y - amulet of magic regeneration
Stlth  +.........               S - ring of protection from fire
                                A - -3 ring of strength (curse)

@: about to teleport, grasped by roots, protected from physical damage, repel
missiles, very slow, somewhat resistant to hostile enchantments, very unstealthy
A: beak, talons 3, clumsy 1, strong 1, able to fly 2
a: Fly, Upheaval, Elemental Force, Disaster Area, Renounce Religion


You were on level 3 of the Swamp.
You worshipped Qazlal.
Qazlal was exalted by your worship.
You were not hungry.

You visited 5 branches of the dungeon, and saw 26 of its levels.
You also visited: Ossuary and Volcano.

You collected 2766 gold pieces.
You spent 2496 gold pieces at shops.

Inventory:

Hand Weapons
 k - the +8 quarterstaff of Naus (weapon) {drain, Dex+4}
   (You found it on level 4 of the Dungeon)

   A truly terrible weapon, it drains the life of those it strikes.
   It affects your dexterity (+4).
Missiles
 y - a throwing net (quivered)
Armour
 e - a +0 pair of gloves of archery (worn)
 p - a +1 cloak (worn)
 t - a +2 plate armour of magic resistance
 T - the +7 swamp dragon armour of Beogh's Castigation (worn) {rPois MP+9 Dex+5}
   (You bought it in a shop on level 2 of the Orcish Mines)

   It affects your dexterity (+5).
   It protects you from poison.
   It affects your magic capacity (+9).
Jewellery
 q - an uncursed ring of ice
 s - an uncursed ring of resist corrosion
 A - a cursed -3 ring of strength (left hand)
 I - an uncursed ring of sustain attributes
 P - an uncursed ring of wizardry
 S - a ring of protection from fire (right hand)
 Y - an amulet of magic regeneration (around neck)
Wands
 i - a wand of disintegration (9/24)
 X - a wand of confusion (28/48)
Scrolls
 a - 5 scrolls of magic mapping
 d - 7 scrolls of amnesia
 g - 6 scrolls of enchant weapon
 j - 10 scrolls of identify
 o - 3 scrolls of teleportation
 B - a scroll of brand weapon {unknown}
 N - 4 scrolls of fog
 Q - 3 scrolls of blinking
 W - 3 scrolls of fear
Potions
 h - a potion of curing
 l - a potion of cancellation
 m - a potion of magic
 r - 3 potions of lignification
 v - 2 potions of cure mutation
 x - 5 potions of flight
 C - a potion of agility
 D - 3 potions of berserk rage
 F - 2 potions of haste
 J - 2 potions of invisibility
 L - a potion of ambrosia
 M - 4 potions of might
 U - 2 potions of brilliance
 Z - 3 potions of resistance
Books
 u - the Disquisition on Helpful Intoxication
   (You bought it in a shop on level 2 of the Orcish Mines)

   Spells                             Type                      Level
   a - Swiftness                      Charms/Air                   2
   b - Ozocubu's Armour               Charms/Ice                   3
   c - Spectral Weapon                Hexes/Charms                 3
   d - Olgreb's Toxic Radiance        Poison                       4
   e - Poisonous Cloud                Conjuration/Poison/Air       6
 E - a Young Poisoner's Handbook

   Spells                             Type                      Level
   a - Sting                          Conjuration/Poison           1
   b - Cure Poison                    Poison                       2
   c - Mephitic Cloud                 Conjuration/Poison/Air       3
   d - Olgreb's Toxic Radiance        Poison                       4
   e - Venom Bolt                     Conjuration/Poison           5
 H - a book of the Warp

   Spells                             Type                      Level
   a - Recall                         Summoning/Translocation      3
   b - Gell's Gravitas                Hexes/Translocation          3
   c - Force Lance                    Conjuration/Translocation    4
   d - Warp Weapon                    Charms/Translocation         5
   e - Summon Forest                  Summoning/Translocation      5
Miscellaneous
 n - a box of beasts
Comestibles
 b - 11 bread rations
 c - 3 beef jerkies
 f - 12 meat rations
 w - 38 fruits
 z - 12 royal jellies


   Skills:
 + Level 10.3 Fighting
 * Level 13.9 Staves
 + Level 10.5 Armour
 * Level 13.9 Dodging
 - Level 2.0 Stealth
 - Level 4.8 Unarmed Combat
 - Level 3.6 Spellcasting
 - Level 7.6 Charms
 + Level 5.5 Necromancy
   Level 7.0 Translocations
 * Level 10.5 Invocations
 - Level 4.2 Evocations


You had 16 spell levels left.
You knew the following spells:

 Your Spells              Type           Power        Failure   Level  Hunger
a - Spectral Weapon       Hex/Chrm       ##......     28%         3    ###....
b - Regeneration          Chrm/Necr      ###.......   12%         3    ###....


Dungeon Overview and Level Annotations

Branches:
Dungeon (12/15)            Temple (1/1) D:6            Lair (8/8) D:8
  Swamp (3/4) Lair:3        Snake (0/4) Lair:4        Slime (0/6) Lair:6
    Orc (2/2) D:9             Elf (0/3) Orc:2

Altars:
Ashenzari
Cheibriados
Dithmenos
Elyvilon
Fedhas
Gozag
Kikubaaqudgha
Makhleb
Nemelex Xobeh
Okawaru
Pakellas
Qazlal
Ru
Sif Muna
Trog
Vehumet
Xom
Yredelemnul
Zin
The Shining One
Beogh
Jiyva

Shops:
D:5 (*   Orc:2 *}([:

Annotations:
D:7 exclusion: statue
Lair:8 exclusion: oklob plant


Innate Abilities, Weirdness & Mutations

You have a beak for a mouth.
You have claws for feet.
You can fly continuously.
You are clumsy. (Dex -2)
Your muscles are strong. (Str +2)


Message History

You hit the shambling mangrove.
You claw the shambling mangrove, but do no damage.
The shambling mangrove is heavily damaged.
The briar patch crumbles away.
The thorn hunter completely misses you. The thorn hunter hits you.
* * * LOW HITPOINT WARNING * * *
Unknown command.
Drink which item? (? for menu, Esc to quit)
Okay, then.
Read which item? (? for menu, Esc to quit)
As you read the scroll of teleportation, it crumbles to dust.
You feel strangely unstable.
The ground creaks as gnarled roots bulge its surface.
The wasp stings you but does no damage.
The wasp is engulfed in freezing vapours.
You block the wasp's attack. The shambling mangrove hits you!!
* * * LOW HITPOINT WARNING * * *
The thorn hunter is struck by lightning.
The thorn hunter hits you!
You die...

♣♣...♣♣>≈≈≈≈.≈..≈.♣ .≈
♣..≈..≈≈♣≈≈..≈≈.≈.≈ ≈≈≈.≈.♣
♣♣..≈.≈≈.≈≈.≈≈≈≈.≈.≈
≈≈.≈...♣♣.≈≈≈.≈§...<≈≈.≈.≈..
♣≈≈≈≈≈.♣......♣≈♣♣♣.≈≈.≈>≈§≈
≈≈≈..≈...≈≈≈≈≈..♣ ♣≈≈.≈ ≈.≈
...≈≈.....§≈≈§.♣♣ ♣.≈≈
≈≈.≈.≈≈.♣§fy§§♣♣ ≈≈
≈≈.≈..≈†♣yf@.♣♣
...≈≈.≈.)§§.♣♣ ♣..≈≈.♣≈§y♣♣♣
...≈≈...≈♣♣ ♣≈.♣..♣♣♣♣
.♣...≈ ..≈≈ ♣≈≈≈ .≈≈


You could see a thorn hunter, a shambling mangrove and 3 wasps.

Vanquished Creatures
  A thorn hunter (Swamp:1)
  Maud (D:11)
  An orc warlord (Orc:2)
  The ghost of Liquid the Nimble, a journeyman DgFE (Lair:7)
  Josephine (Orc:1)
  Erolcha (D:12)
  8 hydras
  A ghost crab (Swamp:2)
  2 alligators
  A queen ant (Lair:5)
  A death knight (D:12)
  3 death yaks
  An orc high priest (Orc:2)
  A skeletal warrior (D:11)
  An unseen horror (D:10)
  3 swamp dragons
  A phantasmal warrior (D:12)
  3 shambling mangroves
  2 hill giants (D:10)
  2 necromancers (D:10)
  4 orc knights (Orc:2)
  A griffon (Lair:6)
  2 ugly things (D:12)
  4 orc sorcerers
  A hornet (Swamp:1)
  A cyclops (Orc:1)
  A manticore (D:11)
  12 elephants
  Maurice (D:10)
  A torpor snail (Lair:6)
  9 black mambas
  25 spiny frogs
  A gargoyle (D:12)
  2 rime drakes (Lair:8)
  6 komodo dragons
  A spriggan druid (Lair:8)
  A guardian mummy (Volcano)
  13 polar bears
  A minotaur skeleton (Volcano)
  5 trolls
  3 giant leeches
  2 queen bees
  2 bog bodies
  A boulder beetle (Lair:6)
  5 slime creatures (Swamp:3)
  29 blink frogs
  Prince Ribbit (D:9)
  4 flying skulls
  3 vampires (Volcano)
  9 wraiths
  5 redbacks (Lair:8)
  41 yaks
  19 spriggans
  3 wyverns
  2 basilisks (Lair:6)
  9 hippogriffs
  A hungry ghost (D:9)
  A golden eye (shapeshifter) (D:12)
  11 vampire mosquitoes
  A mottled dragon (D:12)
  3 nagas (Lair:4)
  10 insubstantial wisps
  22 swamp worms
  14 water moccasins
  A merfolk skeleton (Volcano)
  21 soldier ants
  26 orc warriors
  11 porcupines
  6 ice beasts
  2 swamp drakes
  Duvessa (D:5)
  8 black bears
  3 sky beasts
  2 phantoms (D:4)
  5 necrophages
  13 wasps
  13 ogres
  A manticore skeleton (Volcano)
  24 wolves
  3 centaurs
  12 crocodiles
  24 giant frogs
  Blork the orc (D:4)
  3 elf zombies
  A water moccasin zombie (D:10)
  Dowan (D:5)
  A wyvern skeleton (D:9)
  5 scorpions
  A troll zombie (D:9)
  40 killer bees
  3 electric eels
  19 wights
  3 howler monkeys
  A spriggan skeleton (Volcano)
  2 troll skeletons (Volcano)
  3 giant frog zombies
  7 crimson imps
  5 centaur zombies
  5 human zombies
  3 jellies
  6 hounds
  14 centaur skeletons
  2 giant frog skeletons (D:10)
  18 orc priests
  6 iguanas
  Terence (D:2)
  A human skeleton (D:9)
  15 orc wizards
  A two-headed ogre skeleton (Volcano)
  26 worker ants
  2 big kobold zombies (Ossuary)
  An ogre zombie (D:9)
  3 naga skeletons (Volcano)
  2 hound zombies
  A hound skeleton (D:10)
  6 mummies
  2 howler monkey zombies
  5 worker ant zombies
  9 gnolls
  A howler monkey skeleton (D:9)
  6 adders
  50 river rats
  3 shadow imps
  2 adder zombies (Ossuary)
  An adder skeleton (D:6)
  7 worms
  2 dart slugs
  3 giant geckos
  68 orcs
  12 giant cockroaches
  7 goblins
  8 hobgoblins
  4 jackals (D:3)
  5 kobolds
  4 quokkas
  14 sheep
  A ball python (D:3)
  10 bats
  A giant gecko skeleton (D:4)
  2 giant newts (D:1)
  4 gnoll zombies (Ossuary)
  2 goblin zombies (Ossuary)
  A hobgoblin zombie (Ossuary)
  6 jackal zombies (Ossuary)
  3 kobold zombies (Ossuary)
  A quokka skeleton (D:10)
  2 quokka zombies (Ossuary)
  5 rats
  3 rat zombies (Ossuary)
  2 briar patches (Swamp:1)
  A bush (Lair:8)
  3 butterflies (Lair:6)
  67 fungi
  58 plants
  2 spectral weapons
1101 creatures vanquished.

Vanquished Creatures (collateral kills)
  3 hydras
  2 death yaks (Lair:8)
  An orc high priest (Orc:2)
  An orc sorcerer (Orc:2)
  A spiny frog (Lair:2)
  An orc (Orc:2)
9 creatures vanquished.

Vanquished Creatures (others)
  A wasp (Swamp:2)
  25 fungi
  25 plants
  A spectral weapon (Swamp:1)
52 creatures vanquished.

Grand Total: 1162 creatures vanquished

Notes
Turn   | Place    | Note
--------------------------------------------------------------
     0 | D:1      | epen the Tengu Monk began the quest for the Orb.
     0 | D:1      | Reached XP level 1. HP: 14/14 MP: 2/2
   254 | D:1      | Reached XP level 2. HP: 19/19 MP: 3/3
   803 | D:2      | Reached XP level 3. HP: 20/23 MP: 4/4
   836 | D:2      | Noticed Terence
   849 | D:2      | Killed Terence
   849 | D:2      | Reached skill level 1 in Armour
   934 | D:2      | HP: 1/23 [bat (1)]
   948 | D:1      | HP: 1/23 [bat (1)]
  1257 | D:2      | Reached XP level 4. HP: 17/28 MP: 5/5
  1265 | D:2      | Found a shimmering altar of Xom.
  1462 | D:2      | You fall through a shaft for 2 floors!
  1464 | D:4      | Got a brightly glowing quarterstaff
  1479 | D:4      | Identified the +8 quarterstaff of Naus {drain, Dex+4} (You found it on level 4 of the Dungeon)
  1574 | D:4      | Found an opulent altar of Gozag.
  1588 | D:4      | Noticed a phantom
  1601 | D:3      | Reached skill level 1 in Staves
  1942 | D:3      | Gained mutation: You can fly. [Tengu growth]
  1942 | D:3      | Reached XP level 5. HP: 32/32 MP: 6/6
  2324 | D:2      | Found a shadowy altar of Dithmenos.
  2440 | D:2      | Reached XP level 6. HP: 38/38 MP: 7/7
  2444 | D:2      | Reached skill level 5 in Dodging
  2696 | D:4      | Killed a phantom
  2696 | D:4      | Reached skill level 1 in Evocations
  2868 | D:4      | Reached XP level 7. HP: 37/43 MP: 7/9
  3010 | D:4      | Noticed Blork the orc
  3019 | D:4      | Killed Blork the orc
  3523 | D:5      | Entered Level 5 of the Dungeon
  3623 | D:5      | Found Felom's Antique Weapon Shoppe.
  3753 | D:5      | Found Efuhur's General Store.
  3759 | D:5      | Bought a scroll of identify for 22 gold pieces
  4207 | D:5      | Noticed Dowan
  4208 | D:5      | Noticed Duvessa
  4229 | D:5      | Killed Duvessa
  4229 | D:5      | Reached XP level 8. HP: 38/48 MP: 10/10
  4230 | D:5      | Killed Dowan
  4292 | D:5      | Found a burning altar of Makhleb.
  4292 | D:5      | Noticed a cacodemon
  4513 | D:6      | Reached skill level 5 in Staves
  4598 | D:6      | Found a staircase to the Ecumenical Temple.
  4607 | Temple   | Entered the Ecumenical Temple
  4921 | D:6      | Learned a level 5 spell: Warp Weapon
  4933 | D:6      | Reached skill level 5 in Fighting
  4934 | D:6      | Found a bloodstained altar of Trog.
  4941 | D:6      | Reached skill level 1 in Charms
  4941 | D:6      | Reached skill level 1 in Translocations
  5153 | D:6      | Found an opulent altar of Gozag.
  5277 | D:6      | Gained mutation: Your muscles are strong. (Str +2) [potion of mutation]
  5277 | D:6      | Gained mutation: You are clumsy. (Dex -2) [potion of mutation]
  5326 | D:6      | Reached XP level 9. HP: 18/54 MP: 12/12
  5694 | D:7      | Found an ancient bone altar of Kikubaaqudgha.
  5823 | D:7      | Found a radiant altar of Vehumet.
  5924 | D:7      | Found a sand-covered staircase.
  5929 | Ossuary  | Entered an ossuary
  6615 | D:8      | Found a staircase to the Lair.
  6616 | D:8      | Noticed a komodo dragon
  6646 | D:8      | Killed a komodo dragon
  6667 | D:8      | Reached skill level 5 in Armour
  7020 | D:8      | Found a stormy altar of Qazlal.
  7025 | D:8      | Became a worshipper of Qazlal Stormbringer
  7025 | D:8      | Reached * piety under Qazlal
  7025 | D:8      | Reached ** piety under Qazlal
  7125 | D:9      | Reached XP level 10. HP: 40/60 MP: 14/14
  7673 | D:9      | Reached skill level 1 in Invocations
  7676 | D:9      | Found an oddly glowing altar of Pakellas.
  7718 | D:9      | Noticed Prince Ribbit
  7754 | D:9      | Killed Prince Ribbit
  7754 | D:9      | Reached *** piety under Qazlal
  8009 | D:9      | Found a staircase to the Orcish Mines.
  8294 | D:9      | Found a basalt altar of Yredelemnul.
  8782 | Lair:1   | Entered Level 1 of the Lair of Beasts
  8841 | Lair:1   | Noticed a black mamba
  8854 | Lair:1   | Killed a black mamba
  9068 | Lair:1   | Noticed a spiny frog
  9077 | Lair:1   | Killed a spiny frog
  9077 | Lair:1   | Reached **** piety under Qazlal
  9077 | Lair:1   | Reached XP level 11. HP: 31/65 MP: 15/15
  9617 | Lair:1   | Identified a +0 rod of inaccuracy (14/14) (You found it on level 9 of the Dungeon)
 11639 | Lair:2   | Reached ***** piety under Qazlal
 12225 | Lair:3   | Reached skill level 10 in Dodging
 12531 | Lair:3   | Reached XP level 12. HP: 20/72 MP: 16/16
 12652 | Lair:2   | Reached skill level 5 in Invocations
 13397 | Lair:3   | Reached skill level 5 in Charms
 13409 | Lair:3   | Found a staircase to the Swamp.
 13465 | Lair:3   | Reached skill level 10 in Staves
 14323 | Lair:4   | Noticed a seven-headed hydra
 14387 | Lair:3   | Reached skill level 5 in Translocations
 14865 | Lair:4   | Noticed a six-headed hydra
 15006 | Lair:4   | Killed a seven-headed hydra
 15016 | Lair:3   | Killed a six-headed hydra
 15180 | Lair:4   | Found a staircase to the Snake Pit.
 15841 | Lair:5   | Reached XP level 13. HP: 73/78 MP: 18/18
 16334 | Lair:5   | Reached ****** piety under Qazlal
 17438 | Lair:6   | Found a staircase to the Slime Pits.
 17439 | Lair:6   | Found a viscous altar of Jiyva.
 17936 | Lair:7   | Noticed Liquid's ghost (journeyman DgFE)
 19303 | Lair:7   | Killed Liquid's ghost
 19303 | Lair:7   | Gained mutation: You can fly continuously. [Tengu growth]
 19303 | Lair:7   | Reached XP level 14. HP: 84/84 MP: 19/21
 20292 | Lair:8   | Entered Level 8 of the Lair of Beasts
 20292 | Lair:8   | Found a dark tunnel.
 20301 | Volcano  | Entered a volcano
 20853 | Volcano  | Learned a level 3 spell: Regeneration
 21265 | Lair:8   | Reached skill level 1 in Spellcasting
 21407 | Lair:8   | Reached skill level 1 in Necromancy
 22776 | Lair:8   | Reached XP level 15. HP: 90/90 MP: 18/22
 23323 | D:10     | Entered Level 10 of the Dungeon
 24120 | D:10     | Noticed Maurice
 24163 | D:10     | Killed Maurice
 25357 | Orc:1    | Entered Level 1 of the Orcish Mines
 25366 | Orc:1    | Noticed Josephine
 25382 | Orc:1    | Killed Josephine
 25727 | Orc:2    | Entered Level 2 of the Orcish Mines
 26562 | Orc:2    | Reached skill level 10 in Armour
 26642 | Orc:2    | Noticed an orc warlord
 26671 | Orc:2    | Killed an orc warlord
 26697 | Orc:2    | Found a staircase to the Elven Halls.
 26774 | Orc:2    | Found Nogi's General Store.
 27126 | Orc:2    | Found Qoipp's Antique Weapon Boutique.
 27148 | Orc:2    | Found Peekunuy's Book Shop.
 27169 | Orc:2    | Found Bampy's Antique Armour Emporium.
 27177 | Orc:2    | Bought a twisted swamp dragon armour for 1760 gold pieces
 27187 | Orc:2    | Identified the +7 swamp dragon armour of Beogh's Castigation {rPois MP+9 Dex+5} (You bought it in a shop on level 2 of the Orcish Mines)
 27213 | Orc:2    | Found Viric's Gadget Boutique.
 27412 | Orc:2    | Found a roughly hewn altar of Beogh.
 27828 | D:12     | Noticed Maud
 27871 | D:11     | Killed Maud
 28164 | D:12     | Noticed Erolcha
 28173 | D:12     | Paralysed by Erolcha for 4 turns
 28185 | D:12     | Killed Erolcha
 28531 | D:12     | Reached skill level 10 in Fighting
 28531 | D:12     | Reached skill level 10 in Invocations
 28872 | Orc:2    | Bought the Disquisition on Helpful Intoxication for 714 gold pieces
 28876 | Orc:2    | Learned a level 3 spell: Spectral Weapon
 29061 | Swamp:1  | Entered Level 1 of the Swamp
 29084 | Swamp:1  | Reached XP level 16. HP: 91/97 MP: 24/24
 29125 | Swamp:1  | Noticed a thorn hunter
 29140 | Swamp:1  | Killed a thorn hunter
 29377 | Swamp:1  | Reached skill level 5 in Necromancy
 31512 | Swamp:3  | Noticed a thorn hunter
 31533 | Swamp:3  | HP: 3/97 [shambling mangrove (24)]
 31533 | Swamp:3  | Mangled by a thorn hunter

Skill      XL: |  1  2  3  4  5  6  7  8  9 10 11 12 13 14 15 16 |
---------------+-------------------------------------------------+-----
Armour         | 1 2 3 4 5 6 7 8 9 10 | 10.5
Dodging        | 4 5 6 7 8 9 10 11 12 13 | 13.9
Staves         | 1 2 3 4 5 6 8 9 10 11 12 13 | 13.9
Fighting       | 4 5 6 7 8 9 10 | 10.3
Evocations     | 1 2 3 4 |  4.2
Charms         | 1 3 4 5 6 7 |  7.6
Translocations | 1 2 3 4 5 6 7 |  7.0
Invocations    | 3 4 6 8 9 10 | 10.5
Spellcasting   | 2 3 |  3.6
Necromancy     | 3 4 5 |  5.5
Stealth        | |  2.0
Unarmed Combat | |  4.8

Action                   |  1- 3 |  4- 6 |  7- 9 | 10-12 | 13-15 | 16-18 || total
-------------------------+-------+-------+-------+-------+-------+-------++-------
Melee: Unarmed           |    63 |     6 |       |       |       |       ||    69
       Kick              |    21 |    22 |    91 |   203 |   661 |   185 ||  1183
       Peck              |    15 |    18 |    63 |   127 |   461 |   132 ||   816
       Quarterstaff      |       |    99 |   289 |   658 |  1706 |   381 ||  3133
 Cast: Spectral Weapon   |       |       |       |       |     2 |     2 ||     4
       Regeneration      |       |       |       |       |       |    21 ||    21
Invok: Elemental Force   |       |       |       |     4 |     3 |     1 ||     8
 Abil: Fly               |       |       |       |     1 |     3 |     3 ||     7
       Stop Flying       |       |       |       |       |       |     1 ||     1
  Use: Potion            |     2 |       |     7 |     7 |     3 |     1 ||    20
       Scroll            |       |       |    20 |     6 |     7 |     1 ||    34
 Stab: Sleeping          |     2 |     1 |       |       |       |       ||     3
       Distracted        |       |       |       |       |     1 |       ||     1
  Eat: Chunk             |     1 |     5 |    15 |    21 |    33 |     7 ||    82
       Royal jelly       |       |       |       |     2 |     1 |     2 ||     5
       Pizza             |       |       |       |     2 |     4 |       ||     6
       Fruit             |       |       |       |       |     1 |       ||     1
       Beef jerky        |       |       |       |       |       |     1 ||     1
Armor: Robe              |    11 |       |       |       |       |       ||    11
       Scale mail        |       |    41 |    44 |       |       |       ||    85
       Chain mail        |       |       |    71 |    17 |       |       ||    88
       Plate armour      |       |       |       |   285 |   456 |       ||   741
       Swamp dragon armo |       |       |       |       |    23 |    72 ||    95
Dodge: Dodged            |    51 |    51 |   159 |   331 |   709 |   278 ||  1579
       Deflected         |       |       |       |       |     8 |     2 ||    10
Block: Other             |       |       |       |   147 |   425 |    97 ||   669
